 Dungeon Crawl Stone Soup version 0.30-a0-937-ga0a21ad780 (webtiles) character file.

Game seed: 11949355855616758527

12724 jasper the Cleaver (level 11, -5/89 HPs)
             Began as a Demonspawn Cinder Acolyte on Mar 24, 2023.
             Was a Follower of Ignis.
             Killed by divine providence
             ... invoked by an orc priest
              (14 damage)
             ... on level 1 of the Orcish Mines.
             The game lasted 00:22:07 (10959 turns).

jasper the Cleaver (Demonspawn Cinder Acolyte)     Turns: 10959, Time: 00:22:07

Health: -5/89      AC: 34    Str: 19    XL:     11   Next: 66%
Magic:  12/12      EV: 20    Int: 16    God:    Ignis [*.....]
Gold:   2316       SH:  4    Dex:  8    Spells: 12/12 levels left

rFire   + . .      SeeInvis .    q - +2 broad axe (flame)
rCold   . . .      Faith    .    g - +0 buckler
rNeg    . . .      Spirit   .    L - +0 plate armour
rPois   +          Reflect  .    d - +1 helmet
rElec   .          Rampage  .    O - +0 cloak {rPois}
rCorr   .                        m - +0 pair of gloves
Will    .....                    (no boots) Stlth
                                 o - amulet of the acrobat
HPRegen 0.34/turn                A - +5 ring of evasion
MPRegen 0.13/turn                D - +5 ring of evasion

@: agile, sanguine armoured, fiery-armoured
A: foul stench 1, powered by pain 2, sanguine armour 2, demonic touch 1
a: Renounce Religion, Fiery Armour, Foxfire Swarm


You were on level 1 of the Orcish Mines.
You worshipped Ignis.
Ignis was aware of your devotion.
You visited 2 branches of the dungeon, and saw 11 of its levels.
You also visited: Sewer and Bailey.

You collected 2316 gold pieces.

Inventory:

Hand Weapons
 q - a +2 broad axe of flaming (weapon)
 x - a +0 war axe
 K - a +0 broad axe
 M - a +0 broad axe
Missiles
 f - 82 stones
 h - 57 poisoned darts
 j - 17 boomerangs (quivered)
 s - 5 curare-tipped darts
 T - a throwing net
Armour
 b - a +0 robe
 d - a +1 helmet (worn)
 g - a +0 buckler (worn)
 k - a +0 leather armour
 m - a +0 pair of gloves (worn)
 n - a +0 ring mail
 B - a +0 scale mail
 F - +2 acid dragon scales
 G - a +0 chain mail
 L - a +0 plate armour (worn)
 O - a +0 cloak of poison resistance (worn)
Jewellery
 l - a ring of poison resistance
 o - an amulet of the acrobat (around neck)
 A - a +5 ring of evasion (left hand)
 D - a +5 ring of evasion (right hand)
 H - a ring of wizardry
 J - a ring of positive energy
 R - a ring of protection from fire
Wands
 E - a wand of quicksilver (6)
 P - a wand of iceblast (12)
 S - a wand of paralysis (9)
 U - a wand of digging (5)
Scrolls
 c - 6 scrolls of identify
 r - 3 scrolls of amnesia
 t - 2 scrolls of fear
 u - 2 scrolls of magic mapping
 w - a scroll of blinking
 y - 3 scrolls of teleportation
 C - 2 scrolls of enchant weapon
 I - a scroll of silence
 Q - a scroll of vulnerability
Potions
 a - 2 potions of heal wounds
 e - a potion of cancellation
 i - 2 potions of curing
 p - 8 potions of flight
 v - 4 potions of mutation
 z - a potion of attraction
 N - a potion of ambrosia
 V - a potion of resistance


   Skills:
 + Level 9.1 Fighting
 * Level 12.9 Axes
 + Level 7.8 Armour
 - Level 4.0 Shields
 - Level 1.0 Spellcasting
 - Level 2.6 Fire Magic


You had 12 spell levels left.
You didn't know any spells.
Your spell library contained the following spells:

 Spells                   Type           Power      Damage    Failure   Level
 Scorch                   Fire           18%        2d6       98%         2
 Apportation              Tloc           0%         N/A       100%        1
 Beastly Appendage        Tmut           0%         N/A       100%        1
 Necrotise                Necr           0%         1d4       100%        1
 Slow                     Hex            0%         N/A       100%        1
 Summon Small Mammal      Summ           0%         N/A       100%        1
 Cigotuvi's Dreadful Rot  Necr/Pois/Air  0%         N/A       100%        2
 Ensorcelled Hibernation  Hex/Ice        0%         N/A       100%        2
 Poisonous Vapours        Pois/Air       0%         N/A       100%        2
 Wereblood                Tmut           0%         N/A       100%        2
 Confusing Touch          Hex            0%         N/A       100%        3
 Mephitic Cloud           Conj/Pois/Air  0%         N/A       100%        3
 Spider Form              Tmut/Pois      0%         N/A       100%        3
 Vampiric Draining        Necr           0%         2d6       100%        3
 Anguish                  Hex/Necr       0%         N/A       100%        4
 Passage of Golubria      Tloc           0%         N/A       100%        4
 Silence                  Hex/Air        0%         N/A       100%        5
 Lehudib's Crystal Spear  Conj/Erth      0%         10d2      100%        8


Dungeon Overview and Level Annotations

Branches:
Dungeon (10/15)            Temple (0/1) D:5             Orc (1/2) D:10
  Sewer (visited)          Bailey (visited)
   Lair: D:8-11

Altars:
Ashenzari
Cheibriados
Uskayaw
Vehumet
Wu Jian

Shops:
D:6 :


Innate Abilities, Weirdness & Mutations

You may rarely emit foul miasma when damaged in melee.
You sometimes gain power by taking damage.
When seriously injured, your blood forms thick armour. (AC +9)
Your touch may inflict minor irresistible damage on your foes.


Message History

The orc knight looks even sicker.
The orc knight seems to slow down.
The orc knight hits you with a +0 battleaxe!
You focus on the pain.
You feel more agile all of a sudden.
The orc knight is burned by your cloak of flames.
The orc knight is heavily wounded.
You take 13 damage, and have 35/89 hp.
You slash the orc knight! You burn the orc knight.
The orc knight is severely wounded.
The orc knight is no longer moving slowly.
The orc priest mumbles some strange prayers to Beogh against you.
You struggle to resist.
The orc knight is engulfed in dark miasma.
The orc knight looks even sicker.
The orc knight misses you.
You hit the orc knight but do no damage.
The orc knight is almost dead.
The orc knight is engulfed in dark miasma.
The orc knight looks as sick as possible!
The orc knight hits you with a +0 battleaxe!
* * * LOW HITPOINT WARNING * * *
You take 15 damage, and have 20/89 hp.
You barely miss the orc knight.
The orc knight is almost dead.
The orc knight is engulfed in dark miasma.
The orc knight looks as sick as possible!
The orc knight hits you but does no damage.
The orc knight is burned by your cloak of flames.
The orc knight is almost dead.
You slash the orc knight! You burn the orc knight.
You kill the orc knight!
You hit the orc priest. You burn the orc priest.
The orc priest calls down the wrath of Beogh upon you.
Beogh smites you!
* * * LOW HITPOINT WARNING * * *
You take 12 damage, and have 9/89 hp.
You hit the orc priest but do no damage.
The orc priest is lightly wounded.
The orc priest mumbles some strange prayers to Beogh against you.
Beogh smites you!
You die...

.........
#........
##....>..
#.......#
#.......
#.....# #
#..o##.###
#.)@○....#
#..[)#....#
##..## .##
#... #...#
#....
##.##. ###
#


You could see an orc priest (strong).

Vanquished Creatures
  5 two-headed ogres
  An orc knight (Orc:1)
  Pikel (D:9)
  Maurice (D:8)
  Psyche (D:9)
  Maggie (D:8)
  A gargoyle (D:10)
  2 trolls (D:10)
  A hornet (D:10)
  5 yaks
  2 wyverns (D:9)
  2 steam dragons
  A warg (Orc:1)
  An acid dragon (D:10)
  2 water moccasins
  14 orc warriors
  3 sky beasts (D:6)
  2 ice beasts
  3 black bears
  6 ogres
  4 centaurs
  A lemure (D:9)
  2 phantoms (D:6)
  6 kobold brigands
  3 bullfrogs
  5 gnoll sergeants
  4 scorpions
  2 killer bees (D:10)
  3 howler monkeys
  4 hounds
  2 jellies
  4 orc priests
  2 sleepcaps
  6 orc wizards
  4 iguanas
  A sickly merfolk siren (Sewer)
  A malarious merfolk avatar (Sewer)
  Robin (D:2)
  10 gnolls
  13 adders
  2 river rats (Sewer)
  3 shadow imps
  4 white imps
  2 ufetubi
  A worm (D:3)
  2 dart slugs
  47 orcs
  7 endoplasms
  4 giant cockroaches
  18 goblins
  5 hobgoblins
  7 quokkas
  16 ball pythons
  5 frilled lizards
  29 kobolds
  17 rats (Sewer)
302 creatures vanquished.

Notes
Turn   | Place    | Note
-------+----------+-------------------------------------------
     0 | D:1      | jasper the Demonspawn Cinder Acolyte began the quest for
                  | the Orb.
     0 | D:1      | Reached XP level 1. HP: 18/18 MP: 2/2
   129 | D:1      | Found a faded altar of an unknown god.
   390 | D:1      | Reached skill level 3 in Axes
   698 | D:1      | Gained mutation: When seriously injured, your blood forms
                  | armour. (AC +9) [demonic ancestry]
   698 | D:1      | Reached XP level 2. HP: 20/24 MP: 3/3
  1287 | D:2      | Noticed Robin
  1293 | D:2      | Killed Robin
  1297 | D:2      | Gained mutation: You sometimes gain a little power by
                  | taking damage. [demonic ancestry]
  1297 | D:2      | Reached XP level 3. HP: 29/29 MP: 4/4
  1332 | D:2      | Reached skill level 4 in Axes
  1667 | D:2      | Gained mutation: When seriously injured, your blood forms
                  | thick armour. (AC +9) [demonic ancestry]
  1667 | D:2      | Reached XP level 4. HP: 31/35 MP: 5/5
  1713 | D:2      | Reached skill level 1 in Shields
  2202 | D:3      | Gained mutation: You may rarely emit foul miasma when
                  | damaged in melee. [demonic ancestry]
  2202 | D:3      | Reached XP level 5. HP: 41/41 MP: 6/6
  2290 | D:3      | Reached skill level 5 in Axes
  2829 | D:4      | Gained mutation: Your touch may inflict minor irresistible
                  | damage on your foes. [demonic ancestry]
  2829 | D:4      | Reached XP level 6. HP: 32/47 MP: 7/7
  3569 | D:5      | Entered Level 5 of the Dungeon
  3587 | D:5      | Noticed an ice beast
  3595 | D:5      | Killed an ice beast
  3596 | D:5      | Reached skill level 6 in Axes
  3596 | D:5      | Reached XP level 7. HP: 41/52 MP: 8/8
  3636 | D:5      | Found a broken altar of Ashenzari.
  3704 | D:5      | Found a staircase to the Ecumenical Temple.
  3749 | D:5      | Found an ornate altar of the Wu Jian Council.
  3832 | D:5      | Found a glowing drain.
  3841 | Sewer    | Entered a sewer
  3942 | Sewer    | Reached skill level 7 in Axes
  3942 | Sewer    | Reached skill level 1 in Armour
  4528 | D:5      | Reached XP level 8. HP: 53/60 MP: 9/9
  5163 | D:6      | Reached skill level 8 in Axes
  5580 | D:6      | Reached skill level 5 in Fighting
  5791 | D:6      | Reached XP level 9. HP: 30/68 MP: 10/10
  6036 | D:6      | Found Culic's Book Boutique.
  6128 | D:6      | Found a hide-covered altar of Uskayaw.
  6207 | D:6      | Found a radiant altar of Vehumet.
  6240 | D:6      | Reached skill level 9 in Axes
  6580 | D:7      | Noticed a two-headed ogre
  6589 | D:7      | Killed a two-headed ogre
  6764 | D:7      | Identified the +7 sling of the Final Chapter {freeze,
                  | Contam rCorr Dex+3 Stlth+}
  7229 | D:7      | Found a snail-covered altar of Cheibriados.
  7312 | D:8      | Found a flagged portal.
  7323 | Bailey   | Entered a bailey
  7352 | Bailey   | Reached skill level 10 in Axes
  7352 | Bailey   | Reached skill level 5 in Armour
  7649 | Bailey   | Reached XP level 10. HP: 53/77 MP: 11/11
  8212 | D:8      | Noticed Maggie
  8237 | D:8      | Killed Maggie
  8688 | D:8      | Noticed Maurice
  8698 | D:8      | Killed Maurice
  8699 | D:8      | Reached skill level 11 in Axes
  8791 | D:8      | Identified the +1 battleaxe "Vaticli" {freeze, Will+}
  9000 | D:8      | Identified a scroll of acquirement
  9002 | D:8      | Acquired 1239 gold pieces
  9012 | D:9      | Noticed a two-headed ogre
  9023 | D:9      | Killed a two-headed ogre
  9084 | D:9      | Noticed Psyche
  9093 | D:9      | Paralysed by something for 4 turns
  9097 | D:9      | Killed Psyche
  9215 | D:9      | Noticed a two-headed ogre
  9234 | D:9      | Killed a two-headed ogre
  9526 | D:9      | Noticed Pikel
  9538 | D:9      | Killed Pikel
  9539 | D:9      | Gained mutation: You sometimes gain power by taking damage.
                  | [demonic ancestry]
  9539 | D:9      | Reached XP level 11. HP: 86/86 MP: 12/12
  9800 | D:10     | Entered Level 10 of the Dungeon
  9835 | D:10     | Noticed a two-headed ogre
  9845 | D:10     | Killed a two-headed ogre
  9846 | D:10     | Reached skill level 12 in Axes
  9935 | D:10     | Found a staircase to the Orcish Mines.
 10335 | D:10     | Noticed a two-headed ogre
 10345 | D:10     | Killed a two-headed ogre
 10500 | D:10     | Noticed a boulder beetle
 10522 | D:10     | Noticed a two-headed ogre
 10792 | Orc:1    | Entered Level 1 of the Orcish Mines
 10806 | Orc:1    | Noticed an orc knight
 10958 | Orc:1    | Killed an orc knight
 10959 | Orc:1    | Killed from afar by an orc priest

Illustrated notes

Levels and vault maps discovered:
D:1:      dpeg_cavernosity, layout_basic, basic_ecumenical_altar,
          roderic_lattice_a
D:2:      layout_basic, uniq_robin
D:3:      layout_rooms, grunt_ministairs_9
D:4:      layout_rooms, fountainhead
D:5:      layout_rooms, mainiacjoe_overflow_catch_the_wave,
          minmay_temple_entry_purple_smoke, portal_sewer_entry_d,
          kennysheep_another_room
D:6:      minmay_skewed_foursquare, layout_basic, mainiacjoe_overflow_alcove_1,
          nicolae_uskayaw_dance_hall, serial_shops, shop
D:7:      layout_basic, lemuel_tele_altar
D:8:      layout_loops_corners, enter_bailey_2, minivault_10, uniq_maggie,
          uniq_maurice
D:9:      layout_cave_pools, uniq_pikel, uniq_psyche
D:10:     minmay_four_partial_circles, layout_stronghold, good_gods_mini_temple,
          kennysheep_orc_monster_closet_entryway, serial_shops, shop_statue,
          minmay_guarded_unrand_finisher
Orc:1:    layout_caves, okawaru_metal_pillars_1_2

Skill      XL: |  1  2  3  4  5  6  7  8  9 10 11 |
---------------+----------------------------------+-----
Axes           | 3 4 5 6 7 8 10 11 12 | 12.9
Shields        | 1 2 3 4 |  4.0
Armour         | 1 3 5 6 7 |  7.8
Fighting       | 5 6 8 9 |  9.1
Spellcasting   | |  1.0
Fire Magic     | |  2.6

Action                     |  1- 3 |  4- 6 |  7- 9 | 10-12 || total
---------------------------+-------+-------+-------+-------++-------
  Melee: Hand axe          |    88 |   166 |       |       ||   254
         War axe           |       |     5 |   439 |    27 ||   471
         Broad axe         |       |       |       |   290 ||   290
         Unarmed           |       |       |       |     1 ||     1
   Fire: Sling             |       |     2 |       |       ||     2
  Throw: Stone             |       |     2 |     7 |       ||     9
         Boomerang         |       |       |    11 |    22 ||    33
 Invoke: Fiery Armour      |     2 |     3 |     2 |     5 ||    12
         Rising Flame      |       |       |       |     1 ||     1
  Evoke: Wand              |       |       |       |     4 ||     4
    Use: Scroll            |     3 |    10 |     4 |     4 ||    21
         Potion            |       |       |       |     2 ||     2
   Stab: Distracted        |       |       |       |     1 ||     1
 Armour: Robe              |    25 |    16 |       |       ||    41
         Leather armour    |       |     6 |       |       ||     6
         Ring mail         |       |    77 |    59 |       ||   136
         Scale mail        |       |       |   106 |       ||   106
         Chain mail        |       |       |    21 |       ||    21
         Plate armour      |       |       |     2 |   149 ||   151
  Dodge: Dodged            |    57 |    75 |   263 |   251 ||   646
  Block: Buckler           |       |    29 |    76 |    68 ||   173

Table legend: (Time is in decaauts)
 A = Elapsed time spent in this place.
 B = Non-inter-level travel time spent in this place.
 C = Inter-level travel time spent in this place.
 D = Time resting spent in this place.
 E = Time spent auto-exploring this place.
 F = Levels seen in this place.
 G = Mean time per level.
                   A        B        C        D        E       F      G
               +--------+--------+--------+--------+--------+-----+--------+
         Total |  11136 |  10621 |    515 |    815 |   6888 |  13 |  856.6 |
       Dungeon |  10028 |   9514 |    514 |    641 |   6491 |  10 | 1002.8 |
  Orcish Mines |     37 |     37 |      0 |      0 |      0 |   1 |   37.0 |
         Sewer |    519 |    519 |      0 |      0 |    250 |   1 |  519.0 |
        Bailey |    551 |    551 |      0 |    174 |    147 |   1 |  551.0 |
               +--------+--------+--------+--------+--------+-----+--------+

Top non-repeatable levels by time:
     D:6: 1640 daAuts
     D:8: 1248 daAuts
     D:1: 1183 daAuts
     D:9: 982 daAuts
     D:5: 964 daAuts
     D:4: 928 daAuts
    D:10: 913 daAuts
     D:2: 885 daAuts
     D:7: 679 daAuts
     D:3: 601 daAuts
  Bailey: 551 daAuts
   Sewer: 519 daAuts
   Orc:1: 37 daAuts
